2532 views
Uploaded 2022-03-12 20:13:37
Game version 1.32.10
70:15 long 1on1on1on1 ladder game on (8)TwilightRuins_LV
Saved by IIlIIlIllIII
2532 views
Uploaded 2022-03-12 20:13:37
Game version 1.32.10
70:15 long 1on1on1on1 ladder game on (8)TwilightRuins_LV

137 units @ 17.6k
/ 2.7k
81 buildings @ 14.7k
/ 6.9k



| Orb of Venom | 1 | 325 |
| Staff of Preservation | 3 | 450 |
| Potion of Healing | 1 | 150 |
| Potion of Mana | 1 | 200 |
| Scroll of Healing | 6 | 1500 |
| Scroll of Town Portal | 12 | 4200 |
| Boots of Speed | 3 | 750 |
| Scroll of Protection | 3 | 450 |
| Periapt of Vitality | 1 | 325 |
| Potion of Greater Healing | 1 | 400 |
| Ancient Janggo of Endurance | 1 | 500 |
| Ring of Protection +3 | 1 | 125 |
| Crystal Ball | 1 | 300 |
| Ring of Protection +4 | 1 | 300 |
| Potion of Restoration | 3 | 1650 |
| Stone Token | 2 | 1100 |
| Potion of Invulnerability | 2 | 800 |
| Helm of Valor | 1 | 500 |
| Wand of Illusion | 1 | 150 |
| total: | 45 | 14175g |
| Wisp | 80 | 4800 | / | 0 |
| Archer | 6 | 780 | / | 60 |
| Druid of the Claw | 5 | 1275 | / | 400 |
| Hippogryph | 16 | 2560 | / | 320 |
| Dryad | 6 | 870 | / | 360 |
| Chimaera | 17 | 5610 | / | 1190 |
| Druid of the Talon | 3 | 435 | / | 60 |
| Goblin Shredder | 2 | 750 | / | 200 |
| Goblin Zeppelin | 2 | 480 | / | 120 |
| total: | 137 | 17560g | / | 2710w |
| Ancient Protector | 9 | 1215 | / | 720 |
| Altar of Elders | 1 | 180 | / | 50 |
| Moon Well | 32 | 5760 | / | 1280 |
| Ancient of War | 6 | 900 | / | 360 |
| Ancient of Wonders | 7 | 630 | / | 210 |
| Tree of Life | 11 | 3740 | / | 2035 |
| Hunter's Hall | 1 | 210 | / | 100 |
| Ancient of Lore | 4 | 620 | / | 580 |
| Ancient of Wind | 6 | 900 | / | 840 |
| Chimaera Roost | 4 | 560 | / | 760 |
| Tree of Ages | 1 | 320 | / | 180 |
| Tree of Eternity | 1 | 330 | / | 200 |
| total: | 81 | 14715g | / | 6935w |
| 0:01 | Wisp |
| 0:05 | Altar of Elders |
| 0:09 | Moon Well |
| 0:10 | Wisp |
| 0:28 | Ancient of War |
| 0:33 | Wisp |
| 0:33 | Wisp |
| 0:44 | Wisp |
| 1:07 | Wisp |
| 1:08 | Wisp |
| 1:25 | Wisp |
| 1:30 | Archer |
| 1:44 | Wisp |
| 1:53 | Wisp |
| 1:59 | Wisp |
| 2:05 | Moon Well |
| 2:12 | Wisp |
| 2:24 | Breath of Fire |
| 2:53 | Wisp |
| 2:54 | Wisp |
| 3:00 | Wisp |
| 3:31 | Drunken Haze |
| 3:41 | Tree of Ages |
| 3:49 | Moon Well |
| 4:11 | Ancient of Wonders |
| 4:21 | Archer |
| 4:22 | Archer |
| 4:54 | Archer |
| 5:09 | Moon Well |
| 5:51 | Breath of Fire |
| 5:52 | Breath of Fire |
| 6:08 | Cluster Rockets |
| 6:15 | Goblin Shredder |
| 6:20 | Tree of Life |
| 6:39 | Tree of Eternity |
| 6:57 | Hunter's Hall |
| 7:21 | Engineering Upgrade |
| 8:04 | Ultravision |
| 8:05 | Ancient of Lore |
| 8:24 | Wisp |
| 8:24 | Wisp |
| 8:40 | Drunken Haze |
| 9:07 | Wisp |
| 9:07 | Wisp |
| 9:12 | Tree of Life |
| 9:23 | Boots of Speed |
| 9:26 | Wisp |
| 9:30 | Boots of Speed |
| 9:30 | Scroll of Healing |
| 9:45 | Well Spring |
| 9:55 | Cluster Rockets |
| 9:57 | Druid of the Claw |
| 10:00 | Entangling Roots |
| 10:04 | Nature's Blessing |
| 10:06 | Ancient of Lore |
| 10:08 | Chimaera Roost |
| 10:21 | Wisp |
| 10:39 | Druid of the Claw Adept Training |
| 10:47 | Chimaera Roost |
| 10:48 | Wisp |
| 10:55 | Potion of Greater Healing |
| 11:01 | Moon Well |
| 11:15 | Wisp |
| 11:15 | Wisp |
| 11:15 | Wisp |
| 11:16 | Wisp |
| 11:20 | Chimaera Roost |
| 11:20 | Wisp |
| 11:21 | Wisp |
| 11:22 | Druid of the Claw Master Training |
| 11:38 | Moon Well |
| 11:40 | Ancient of Wind |
| 11:57 | Moon Well |
| 11:58 | Moon Well |
| 12:01 | Strength of the Wild |
| 12:01 | Reinforced Hides |
| 12:03 | Wisp |
| 12:14 | Corrosive Breath |
| 12:22 | Force of Nature |
| 12:32 | Wisp |
| 12:47 | Moon Well |
| 12:48 | Ancient of Wonders |
| 12:55 | Ancient of Wonders |
| 12:56 | Moon Well |
| 13:09 | Boots of Speed |
| 13:17 | Scroll of Protection |
| 13:17 | Scroll of Healing |
| 13:34 | Improved Strength of the Wild |
| 13:38 | Tree of Life |
| 13:44 | Tree of Life |
| 13:49 | Druid of the Talon Adept Training |
| 13:55 | Moon Well |
| 13:57 | Moon Well |
| 14:06 | Mark of the Claw |
| 14:16 | Improved Reinforced Hides |
| 14:26 | Wisp |
| 14:39 | Engineering Upgrade |
| 14:45 | Abolish Magic |
| 14:48 | Wisp |
| 14:51 | Ancient of Wind |
| 14:52 | Moon Well |
| 15:02 | Hippogryph |
| 15:02 | Hippogryph |
| 15:04 | Dryad |
| 15:13 | Moon Well |
| 15:21 | Advanced Strength of the Wild |
| 15:22 | Backpack |
| 15:53 | Wisp |
| 15:58 | Ancient Protector |
| 16:08 | Entangling Roots |
| 16:23 | Scroll of Town Portal |
| 16:27 | Orb of Venom |
| 16:34 | Staff of Preservation |
| 16:57 | Scroll of Town Portal |
| 17:01 | Wisp |
| 17:02 | Wisp |
| 17:02 | Wisp |
| 17:02 | Wisp |
| 17:13 | Advanced Reinforced Hides |
| 17:16 | Wisp |
| 17:23 | Breath of Fire |
| 17:29 | Wisp |
| 17:46 | Moon Well |
| 17:54 | Tree of Life |
| 18:09 | Chimaera Roost |
| 18:11 | Ancient of Wonders |
| 18:25 | Ancient Janggo of Endurance |
| 18:28 | Ring of Protection +3 |
| 18:30 | Crystal Ball |
| 18:39 | Moon Well |
| 18:51 | Staff of Preservation |
| 19:02 | Wisp |
| 19:07 | Ancient of War |
| 19:11 | Ancient of Wind |
| 19:28 | Ancient of Wonders |
| 19:47 | Ancient of War |
| 19:54 | Ancient of Wind |
| 19:55 | Goblin Zeppelin |
| 21:14 | Force of Nature |
| 21:20 | Wisp |
| 21:20 | Wisp |
| 21:20 | Wisp |
| 21:21 | Wisp |
| 21:21 | Wisp |
| 21:24 | Staff of Preservation |
| 21:32 | Wisp |
| 21:42 | Scroll of Town Portal |
| 21:58 | Ancient Protector |
| 22:00 | Ancient Protector |
| 22:00 | Wisp |
| 22:01 | Wisp |
| 22:06 | Tree of Life |
| 22:19 | Ancient Protector |
| 22:24 | Ancient of Wonders |
| 22:53 | Ancient Protector |
| 22:59 | Scroll of Town Portal |
| 23:24 | Ring of Protection +4 |
| 23:26 | Potion of Restoration |
| 23:37 | Wisp |
| 23:37 | Wisp |
| 23:57 | Scroll of Town Portal |
| 24:03 | Chimaera |
| 25:00 | Tree of Life |
| 25:09 | Chimaera |
| 25:41 | Wisp |
| 25:41 | Wisp |
| 25:41 | Wisp |
| 25:41 | Wisp |
| 25:41 | Wisp |
| 25:43 | Wisp |
| 26:38 | Tree of Life |
| 27:20 | Ancient of Lore |
| 27:23 | Ancient of War |
| 27:28 | Stone Token |
| 27:29 | Potion of Restoration |
| 27:32 | Potion of Invulnerability |
| 28:05 | Druid of the Claw |
| 28:19 | Hippogryph |
| 28:20 | Hippogryph |
| 28:25 | Druid of the Talon |
| 28:26 | Druid of the Talon |
| 28:38 | Dryad |
| 30:06 | Potion of Healing |
| 30:08 | Potion of Mana |
| 30:16 | Drunken Haze |
| 30:16 | Drunken Haze |
| 30:55 | Druid of the Claw |
| 30:55 | Dryad |
| 31:02 | Wisp |
| 31:47 | Cluster Rockets |
| 32:01 | Scroll of Town Portal |
| 32:20 | Entangling Roots |
| 32:41 | Wisp |
| 32:51 | Potion of Invulnerability |
| 32:59 | Moon Well |
| 33:00 | Moon Well |
| 33:00 | Wisp |
| 33:01 | Wisp |
| 33:15 | Dryad |
| 33:19 | Hardened Skin |
| 33:20 | Ancient of Lore |
| 33:25 | Scroll of Town Portal |
| 33:49 | Helm of Valor |
| 33:50 | Stone Token |
| 33:55 | Moon Well |
| 33:56 | Ancient of War |
| 33:57 | Ancient of War |
| 34:00 | Resistant Skin |
| 34:18 | Wisp |
| 34:21 | Scroll of Town Portal |
| 34:24 | Periapt of Vitality |
| 34:49 | Ancient Protector |
| 35:14 | Tree of Life |
| 36:46 | Wisp |
| 36:47 | Wisp |
| 37:16 | Wisp |
| 37:18 | Wisp |
| 37:23 | Tree of Life |
| 37:34 | Wisp |
| 37:53 | Ancient of Wonders |
| 38:10 | Wisp |
| 38:22 | Wisp |
| 38:29 | Ancient Protector |
| 38:35 | Potion of Restoration |
| 38:40 | Wand of Illusion |
| 39:35 | Druid of the Talon Master Training |
| 40:20 | Hippogryph |
| 41:00 | Hippogryph |
| 41:36 | Hippogryph |
| 41:37 | Hippogryph |
| 41:44 | Wisp |
| 41:45 | Wisp |
| 41:45 | Wisp |
| 42:50 | Scroll of Town Portal |
| 43:00 | Wisp |
| 43:23 | Mark of the Talon |
| 43:52 | Goblin Zeppelin |
| 45:00 | Ancient Protector |
| 45:27 | Wisp |
| 45:36 | Strength of the Moon |
| 45:36 | Moon Armor |
| 46:25 | Scroll of Protection |
| 46:28 | Scroll of Healing |
| 47:32 | Ancient of Wind |
| 47:35 | Ancient of Wind |
| 48:51 | Engineering Upgrade |
| 49:43 | Storm Earth and Fire |
| 50:03 | Scroll of Town Portal |
| 50:24 | Wisp |
| 50:35 | Druid of the Claw |
| 51:37 | Wisp |
| 54:14 | Tranquility |
| 54:14 | Tranquility |
| 55:20 | Chimaera |
| 55:51 | Tree of Life |
| 56:07 | Scroll of Town Portal |
| 56:08 | Scroll of Healing |
| 56:11 | Scroll of Healing |
| 56:14 | Scroll of Protection |
| 56:52 | Ancient Protector |
| 57:00 | Chimaera |
| 57:02 | Druid of the Claw |
| 57:44 | Chimaera |
| 58:32 | Chimaera |
| 58:54 | Goblin Shredder |
| 59:02 | Chimaera |
| 59:09 | Hippogryph |
| 59:10 | Hippogryph |
| 59:12 | Druid of the Talon |
| 59:13 | Dryad |
| 59:46 | Moon Well |
| 59:47 | Moon Well |
| 59:51 | Scroll of Town Portal |
| 59:52 | Scroll of Healing |
| 60:40 | Moon Well |
| 60:41 | Moon Well |
| 61:03 | Hippogryph |
| 61:03 | Hippogryph |
| 61:18 | Hippogryph |
| 62:08 | Moon Well |
| 62:08 | Moon Well |
| 62:11 | Chimaera |
| 62:49 | Chimaera |
| 63:04 | Moon Well |
| 63:06 | Moon Well |
| 63:09 | Hippogryph |
| 63:10 | Hippogryph |
| 63:40 | Chimaera |
| 64:01 | Moon Well |
| 64:03 | Moon Well |
| 64:08 | Archer |
| 64:09 | Archer |
| 64:32 | Chimaera |
| 64:34 | Wisp |
| 64:35 | Wisp |
| 65:19 | Chimaera |
| 65:46 | Chimaera |
| 65:59 | Moon Well |
| 66:29 | Dryad |
| 66:31 | Hippogryph |
| 66:53 | Moon Well |
| 66:56 | Chimaera |
| 67:22 | Chimaera |
| 67:47 | Chimaera |
| 67:51 | Moon Well |
| 68:53 | Wisp |
| 68:54 | Wisp |
| 69:53 | Robo-Goblin |
| 70:04 | Drunken Brawler |
| 70:10 | Chimaera |
| 70:12 | Force of Nature |
| 70:15 | Wisp |
| Select group | 4767 |
| Right click | 4030 |
| Select | 1464 |
| Misc. action | 957 |
| Chat | 665 |
| Use ability | 463 |
| Build/train/purchase | 395 |
| Assign group | 343 |
| Item give/drop | 28 |
| Esc | 15 |
| Minimap ping | 1 |
117 units @ 16.9k
/ 3.4k
125 buildings @ 18.9k
/ 11.7k



x2)
| Healing Salve | 24 | 2400 |
| Lesser Clarity Potion | 29 | 2030 |
| Scroll of Speed | 3 | 150 |
| Orb of Lightning | 1 | 375 |
| Tiny Great Hall | 2 | 1200 |
| Potion of Mana | 14 | 2800 |
| Potion of Healing | 3 | 450 |
| Scroll of Town Portal | 21 | 7350 |
| Staff of Teleportation | 3 | 450 |
| Boots of Speed | 2 | 500 |
| Tome of Retraining | 2 | 600 |
| Potion of Lesser Invulnerability | 1 | 150 |
| Scroll of Restoration | 1 | 550 |
| Legion Doom-Horn | 1 | 500 |
| Medallion of Courage | 2 | 1000 |
| Khadgar's Pipe of Insight | 1 | 500 |
| Ancient Janggo of Endurance | 2 | 1000 |
| total: | 112 | 22005g |
| Peon | 38 | 2850 | / | 0 |
| Troll Headhunter | 4 | 560 | / | 80 |
| Troll Witch Doctor | 4 | 580 | / | 100 |
| Troll Batrider | 59 | 9440 | / | 2360 |
| Wind Rider | 1 | 265 | / | 40 |
| Goblin Shredder | 4 | 1500 | / | 400 |
| Goblin Zeppelin | 7 | 1680 | / | 420 |
| total: | 117 | 16875g | / | 3400w |
| Watch Tower | 66 | 7260 | / | 5280 |
| War Mill | 2 | 410 | / | 0 |
| Orc Burrow | 7 | 1120 | / | 280 |
| Barracks | 1 | 180 | / | 50 |
| Altar of Storms | 3 | 540 | / | 150 |
| Voodoo Lounge | 10 | 1300 | / | 300 |
| Great Hall | 12 | 4620 | / | 2220 |
| Tauren Totem | 4 | 540 | / | 620 |
| Spirit Lodge | 2 | 300 | / | 300 |
| Beastiary | 18 | 2610 | / | 2520 |
| Stronghold | 3 | 945 | / | 570 |
| Fortress | 4 | 1300 | / | 760 |
| total: | 125 | 18880g | / | 11720w |
| 0:01 | Peon |
| 0:04 | War Mill |
| 0:05 | Peon |
| 0:17 | Peon |
| 0:28 | Orc Burrow |
| 0:29 | Peon |
| 0:51 | Barracks |
| 1:05 | Altar of Storms |
| 1:08 | Peon |
| 1:24 | Peon |
| 1:39 | Orc Burrow |
| 1:41 | Peon |
| 1:55 | Troll Headhunter |
| 2:15 | Voodoo Lounge |
| 2:21 | Troll Headhunter |
| 2:34 | Peon |
| 2:45 | Pocket Factory |
| 2:48 | Troll Headhunter |
| 3:14 | Troll Headhunter |
| 3:39 | Great Hall |
| 4:07 | Stronghold |
| 4:15 | Engineering Upgrade |
| 4:18 | Healing Salve |
| 4:43 | Healing Salve |
| 5:02 | Goblin Shredder |
| 5:31 | Pocket Factory |
| 5:37 | Voodoo Lounge |
| 6:07 | Great Hall |
| 6:16 | Peon |
| 6:30 | Fortress |
| 7:04 | Tauren Totem |
| 7:08 | Peon |
| 7:19 | Lesser Clarity Potion |
| 7:20 | Healing Salve |
| 7:20 | Healing Salve |
| 7:36 | Watch Tower |
| 7:36 | Peon |
| 7:51 | Breath of Fire |
| 7:55 | Watch Tower |
| 7:57 | Watch Tower |
| 7:57 | Reinforced Defenses |
| 8:25 | Spirit Walker Adept Training |
| 8:44 | Tauren Totem |
| 9:06 | Watch Tower |
| 9:14 | Engineering Upgrade |
| 9:37 | Watch Tower |
| 9:38 | Watch Tower |
| 9:43 | Altar of Storms |
| 9:45 | Orc Burrow |
| 9:52 | Peon |
| 9:52 | Peon |
| 9:52 | Peon |
| 9:58 | Stronghold |
| 10:04 | Voodoo Lounge |
| 10:05 | Watch Tower |
| 10:11 | Watch Tower |
| 10:18 | Watch Tower |
| 10:44 | Watch Tower |
| 10:51 | Goblin Zeppelin |
| 11:05 | Peon |
| 11:05 | Peon |
| 11:19 | Drunken Haze |
| 11:33 | Watch Tower |
| 11:37 | Watch Tower |
| 12:01 | Watch Tower |
| 12:09 | Peon |
| 12:22 | Peon |
| 12:37 | Peon |
| 13:09 | Goblin Shredder |
| 13:12 | Orc Burrow |
| 13:29 | Fortress |
| 13:32 | Great Hall |
| 13:47 | Peon |
| 14:11 | Orc Burrow |
| 15:00 | Peon |
| 15:04 | Watch Tower |
| 15:06 | Watch Tower |
| 15:10 | Watch Tower |
| 15:11 | Voodoo Lounge |
| 15:13 | Watch Tower |
| 15:31 | Spirit Lodge |
| 15:53 | Peon |
| 15:53 | Watch Tower |
| 15:55 | Watch Tower |
| 15:55 | Watch Tower |
| 16:22 | Peon |
| 16:26 | Watch Tower |
| 16:26 | Watch Tower |
| 16:27 | Watch Tower |
| 16:38 | Scroll of Town Portal |
| 16:45 | Watch Tower |
| 16:46 | Peon |
| 16:49 | Troll Witch Doctor |
| 16:51 | Beastiary |
| 16:52 | Healing Salve |
| 16:52 | Scroll of Speed |
| 16:52 | Lesser Clarity Potion |
| 16:55 | Lesser Clarity Potion |
| 16:56 | Healing Salve |
| 16:57 | Scroll of Town Portal |
| 17:07 | Voodoo Lounge |
| 17:24 | Acid Bomb |
| 18:01 | Goblin Shredder |
| 18:15 | Breath of Fire |
| 19:11 | Troll Batrider |
| 19:12 | Beastiary |
| 19:13 | Lesser Clarity Potion |
| 19:16 | Scroll of Speed |
| 19:19 | Healing Salve |
| 19:20 | Scroll of Town Portal |
| 19:21 | Orb of Lightning |
| 19:23 | Lesser Clarity Potion |
| 19:23 | Healing Salve |
| 19:28 | Peon |
| 19:30 | Watch Tower |
| 19:35 | Healing Salve |
| 19:35 | Lesser Clarity Potion |
| 19:39 | Troll Batrider |
| 19:43 | Peon |
| 20:20 | Troll Batrider |
| 20:21 | Witch Doctor Adept Training |
| 20:32 | Watch Tower |
| 20:34 | Watch Tower |
| 20:35 | Watch Tower |
| 20:37 | Watch Tower |
| 20:38 | Watch Tower |
| 20:49 | Pocket Factory |
| 21:36 | Great Hall |
| 21:48 | Healing Spray |
| 21:55 | Watch Tower |
| 22:02 | Liquid Fire |
| 22:15 | Tiny Great Hall |
| 22:24 | Goblin Shredder |
| 23:18 | Orc Burrow |
| 23:19 | Voodoo Lounge |
| 23:46 | Watch Tower |
| 23:46 | Watch Tower |
| 23:46 | Watch Tower |
| 23:55 | Lesser Clarity Potion |
| 23:56 | Healing Salve |
| 23:57 | Scroll of Speed |
| 23:58 | Tiny Great Hall |
| 24:12 | Peon |
| 24:17 | Staff of Teleportation |
| 24:18 | Scroll of Town Portal |
| 24:20 | Boots of Speed |
| 24:26 | Peon |
| 24:26 | Peon |
| 24:26 | Peon |
| 24:27 | Peon |
| 24:39 | Beastiary |
| 24:55 | Watch Tower |
| 24:55 | Watch Tower |
| 25:09 | Steel Armor |
| 25:13 | Scroll of Restoration |
| 25:23 | Staff of Teleportation |
| 25:28 | Tome of Retraining |
| 25:28 | Retrain Hero |
| 25:31 | Cluster Rockets |
| 25:31 | Cluster Rockets |
| 25:34 | Engineering Upgrade |
| 25:49 | Beastiary |
| 25:51 | Peon |
| 25:52 | Peon |
| 25:53 | Peon |
| 25:53 | Peon |
| 25:57 | Witch Doctor Master Training |
| 25:59 | Beastiary |
| 25:59 | Beastiary |
| 26:12 | Legion Doom-Horn |
| 26:15 | Medallion of Courage |
| 26:30 | Beastiary |
| 26:30 | Beastiary |
| 26:31 | Beastiary |
| 26:36 | War Mill |
| 26:44 | Scroll of Town Portal |
| 26:50 | Envenomed Spears |
| 26:50 | War Drums Damage Increase |
| 26:57 | Spirit Lodge |
| 27:05 | Watch Tower |
| 27:05 | Watch Tower |
| 27:09 | Staff of Teleportation |
| 27:10 | Boots of Speed |
| 27:18 | Beastiary |
| 27:46 | Beastiary |
| 27:47 | Beastiary |
| 27:56 | Goblin Zeppelin |
| 27:56 | Goblin Zeppelin |
| 28:06 | Steel Ranged Weapons |
| 28:07 | Thorium Armor |
| 28:07 | Spiked Barricades |
| 28:09 | Improved Spiked Barricades |
| 28:44 | Shaman Adept Training |
| 28:55 | Acid Bomb |
| 29:08 | Beastiary |
| 29:11 | Tauren Totem |
| 29:11 | Tauren Totem |
| 29:15 | Watch Tower |
| 29:16 | Watch Tower |
| 29:24 | Troll Batrider |
| 30:03 | Thorium Ranged Weapons |
| 30:11 | Troll Witch Doctor |
| 30:17 | Voodoo Lounge |
| 30:52 | Arcanite Armor |
| 31:15 | Goblin Zeppelin |
| 31:30 | Troll Batrider |
| 31:33 | Troll Batrider |
| 31:33 | Troll Batrider |
| 31:33 | Troll Batrider |
| 31:34 | Troll Batrider |
| 31:34 | Troll Batrider |
| 31:35 | Troll Batrider |
| 31:52 | Watch Tower |
| 31:52 | Watch Tower |
| 32:28 | Drunken Haze |
| 32:38 | Voodoo Lounge |
| 32:41 | Watch Tower |
| 32:41 | Watch Tower |
| 32:41 | Watch Tower |
| 32:42 | Watch Tower |
| 32:43 | Watch Tower |
| 32:43 | Watch Tower |
| 32:43 | Watch Tower |
| 32:44 | Watch Tower |
| 32:45 | Watch Tower |
| 32:46 | Watch Tower |
| 32:47 | Watch Tower |
| 33:49 | Lesser Clarity Potion |
| 33:54 | Potion of Mana |
| 33:57 | Scroll of Town Portal |
| 34:05 | Troll Witch Doctor |
| 34:10 | Watch Tower |
| 34:10 | Watch Tower |
| 34:12 | Watch Tower |
| 34:12 | Watch Tower |
| 34:27 | Ensnare |
| 34:38 | Goblin Zeppelin |
| 34:57 | Watch Tower |
| 34:59 | Orc Burrow |
| 35:36 | Lesser Clarity Potion |
| 35:38 | Lesser Clarity Potion |
| 35:38 | Potion of Mana |
| 36:09 | Steel Melee Weapons |
| 36:09 | Arcanite Ranged Weapons |
| 36:15 | Khadgar's Pipe of Insight |
| 37:00 | Watch Tower |
| 37:01 | Watch Tower |
| 37:32 | Engineering Upgrade |
| 38:34 | Lesser Clarity Potion |
| 38:36 | Potion of Mana |
| 38:37 | Healing Salve |
| 38:38 | Scroll of Town Portal |
| 38:42 | Lesser Clarity Potion |
| 38:43 | Potion of Mana |
| 38:52 | Watch Tower |
| 38:52 | Watch Tower |
| 38:58 | Great Hall |
| 39:00 | Great Hall |
| 39:04 | Troll Batrider |
| 39:05 | Troll Batrider |
| 39:05 | Troll Batrider |
| 39:06 | Troll Batrider |
| 39:17 | Troll Batrider |
| 39:19 | Troll Witch Doctor |
| 39:25 | Spirit Walker Master Training |
| 39:27 | Pulverize |
| 39:45 | Troll Batrider |
| 40:38 | Troll Batrider |
| 41:40 | Lesser Clarity Potion |
| 41:46 | Scroll of Town Portal |
| 41:51 | Healing Spray |
| 42:10 | Lesser Clarity Potion |
| 42:11 | Healing Salve |
| 42:12 | Potion of Mana |
| 42:15 | Potion of Healing |
| 42:43 | Breath of Fire |
| 42:44 | Scroll of Town Portal |
| 42:46 | Healing Salve |
| 42:50 | Troll Batrider |
| 43:45 | Tome of Retraining |
| 43:45 | Retrain Hero |
| 43:49 | Robo-Goblin |
| 43:49 | Cluster Rockets |
| 43:50 | Cluster Rockets |
| 43:50 | Cluster Rockets |
| 43:50 | Engineering Upgrade |
| 43:50 | Engineering Upgrade |
| 43:59 | Troll Batrider |
| 43:59 | Troll Batrider |
| 43:59 | Troll Batrider |
| 44:11 | Goblin Zeppelin |
| 44:11 | Goblin Zeppelin |
| 44:21 | Troll Batrider |
| 44:21 | Troll Batrider |
| 44:22 | Troll Batrider |
| 44:22 | Troll Batrider |
| 44:37 | Acid Bomb |
| 44:37 | Acid Bomb |
| 47:28 | Lesser Clarity Potion |
| 47:30 | Lesser Clarity Potion |
| 47:31 | Potion of Mana |
| 47:33 | Healing Salve |
| 47:37 | Potion of Mana |
| 47:38 | Scroll of Town Portal |
| 47:43 | Troll Batrider |
| 47:43 | Troll Batrider |
| 47:43 | Troll Batrider |
| 47:44 | Troll Batrider |
| 47:44 | Troll Batrider |
| 48:04 | Scroll of Town Portal |
| 48:20 | Troll Batrider |
| 48:20 | Troll Batrider |
| 48:21 | Troll Batrider |
| 48:21 | Troll Batrider |
| 48:45 | Lesser Clarity Potion |
| 48:46 | Healing Salve |
| 48:50 | Medallion of Courage |
| 48:59 | Lesser Clarity Potion |
| 49:19 | Scroll of Town Portal |
| 50:19 | Lesser Clarity Potion |
| 50:25 | Healing Salve |
| 50:25 | Scroll of Town Portal |
| 50:53 | Ancient Janggo of Endurance |
| 50:54 | Ancient Janggo of Endurance |
| 51:10 | Great Hall |
| 51:34 | Storm Earth and Fire |
| 52:31 | Troll Batrider |
| 53:00 | Engineering Upgrade |
| 53:30 | Troll Batrider |
| 53:31 | Troll Batrider |
| 53:31 | Troll Batrider |
| 53:31 | Troll Batrider |
| 54:00 | Lesser Clarity Potion |
| 54:01 | Potion of Mana |
| 54:02 | Potion of Mana |
| 54:14 | Thorium Melee Weapons |
| 54:38 | Voodoo Lounge |
| 55:33 | Arcanite Melee Weapons |
| 55:44 | Watch Tower |
| 56:06 | Watch Tower |
| 56:38 | Healing Salve |
| 56:38 | Lesser Clarity Potion |
| 56:40 | Scroll of Town Portal |
| 56:54 | Troll Batrider |
| 56:58 | Transmute |
| 57:27 | Troll Batrider |
| 57:44 | Troll Batrider |
| 57:54 | Great Hall |
| 58:16 | Troll Batrider |
| 58:30 | Drunken Haze |
| 59:00 | Lesser Clarity Potion |
| 59:01 | Healing Salve |
| 59:03 | Healing Salve |
| 59:06 | Great Hall |
| 59:12 | Healing Spray |
| 59:13 | Pocket Factory |
| 59:17 | Peon |
| 60:50 | Lesser Clarity Potion |
| 60:52 | Healing Salve |
| 61:02 | Lesser Clarity Potion |
| 61:03 | Scroll of Town Portal |
| 61:14 | Potion of Mana |
| 61:18 | Scroll of Town Portal |
| 61:19 | Voodoo Lounge |
| 61:54 | Troll Batrider |
| 62:18 | Healing Salve |
| 62:20 | Potion of Mana |
| 62:21 | Lesser Clarity Potion |
| 62:22 | Potion of Healing |
| 62:30 | Troll Batrider |
| 62:52 | Troll Batrider |
| 63:13 | Stronghold |
| 63:16 | Healing Salve |
| 63:53 | Great Hall |
| 64:03 | Scroll of Town Portal |
| 64:04 | Scroll of Town Portal |
| 64:11 | Troll Batrider |
| 64:11 | Troll Batrider |
| 64:12 | Troll Batrider |
| 64:14 | Drunken Brawler |
| 64:22 | Troll Batrider |
| 64:30 | Pocket Factory |
| 64:58 | Troll Batrider |
| 65:03 | Chemical Rage |
| 66:32 | Altar of Storms |
| 66:32 | Fortress |
| 66:37 | Potion of Mana |
| 66:38 | Lesser Clarity Potion |
| 66:44 | Watch Tower |
| 66:44 | Watch Tower |
| 66:49 | Scroll of Town Portal |
| 66:50 | Potion of Lesser Invulnerability |
| 66:54 | Troll Batrider |
| 67:19 | Lesser Clarity Potion |
| 67:20 | Healing Salve |
| 67:22 | Potion of Healing |
| 67:24 | Potion of Mana |
| 67:26 | Scroll of Town Portal |
| 67:30 | Troll Batrider |
| 67:30 | Peon |
| 67:35 | Great Hall |
| 67:56 | Troll Batrider |
| 67:59 | Beastiary |
| 68:29 | Healing Salve |
| 68:31 | Scroll of Town Portal |
| 68:34 | Troll Batrider |
| 68:37 | Great Hall |
| 68:41 | Lesser Clarity Potion |
| 68:52 | Wind Rider |
| 69:21 | Chemical Rage |
| 69:31 | Lesser Clarity Potion |
| 69:32 | Potion of Mana |
| 69:44 | Peon |
| 69:49 | Troll Batrider |
| 69:49 | Troll Batrider |
| 69:49 | Troll Batrider |
| 70:01 | Beastiary |
| 70:02 | Beastiary |
| 70:02 | Beastiary |
| 70:02 | Beastiary |
| Right click | 5408 |
| Select | 3385 |
| Select group | 3036 |
| Use ability | 738 |
| Build/train/purchase | 535 |
| Assign group | 294 |
| Misc. action | 115 |
| Chat | 40 |
| Item give/drop | 32 |
| Esc | 15 |
| Minimap ping | 2 |
104 units @ 11.5k
/ 1.3k
119 buildings @ 9.2k
/ 5.4k



x1)
| Scroll of Regeneration | 11 | 1100 |
| Lesser Clarity Potion | 9 | 630 |
| Potion of Healing | 4 | 600 |
| Staff of Sanctuary | 2 | 500 |
| Potion of Mana | 2 | 400 |
| Scroll of Healing | 1 | 250 |
| Scroll of Town Portal | 8 | 2800 |
| Circlet of Nobility | 2 | 350 |
| Potion of Lesser Invulnerability | 1 | 150 |
| Periapt of Vitality | 2 | 650 |
| Tome of Retraining | 1 | 300 |
| Potion of Restoration | 1 | 550 |
| Medallion of Courage | 3 | 1500 |
| Potion of Greater Healing | 1 | 400 |
| total: | 48 | 10180g |
| Peasant | 75 | 5625 | / | 0 |
| Footman | 5 | 675 | / | 0 |
| Knight | 2 | 490 | / | 120 |
| Priest | 3 | 405 | / | 30 |
| Flying Machine | 7 | 700 | / | 210 |
| Gryphon Rider | 8 | 2240 | / | 560 |
| Siege Engine | 1 | 195 | / | 60 |
| Goblin Shredder | 3 | 1125 | / | 300 |
| total: | 104 | 11455g | / | 1280w |
| Scout Tower | 73 | 2190 | / | 1460 |
| Arcane Tower | 18 | 1260 | / | 900 |
| Guard Tower | 16 | 1120 | / | 800 |
| Altar of Kings | 1 | 180 | / | 50 |
| Barracks | 2 | 320 | / | 120 |
| Farm | 15 | 1200 | / | 300 |
| Arcane Vault | 5 | 650 | / | 150 |
| Town Hall | 6 | 2310 | / | 1230 |
| Lumber Mill | 1 | 120 | / | 0 |
| Blacksmith | 2 | 280 | / | 120 |
| Cannon Tower | 7 | 840 | / | 700 |
| Arcane Sanctum | 2 | 300 | / | 280 |
| Workshop | 8 | 1120 | / | 1120 |
| Gryphon Aviary | 4 | 560 | / | 600 |
| Keep | 1 | 320 | / | 210 |
| Castle | 1 | 360 | / | 210 |
| total: | 119 | 9230g | / | 5430w |
| 0:01 | Peasant |
| 0:01 | Peasant |
| 0:01 | Peasant |
| 0:02 | Peasant |
| 0:08 | Altar of Kings |
| 0:19 | Barracks |
| 0:25 | Peasant |
| 0:32 | Farm |
| 0:39 | Peasant |
| 0:50 | Farm |
| 0:54 | Peasant |
| 1:01 | Peasant |
| 1:19 | Footman |
| 1:26 | Peasant |
| 1:34 | Farm |
| 1:43 | Footman |
| 1:52 | Peasant |
| 2:01 | Peasant |
| 2:06 | Summon Water Elemental |
| 2:13 | Peasant |
| 2:13 | Peasant |
| 2:21 | Peasant |
| 2:55 | Peasant |
| 3:05 | Brilliance Aura |
| 3:11 | Farm |
| 3:19 | Arcane Vault |
| 3:21 | Arcane Vault |
| 3:22 | Peasant |
| 3:31 | Town Hall |
| 3:33 | Scout Tower |
| 3:34 | Scout Tower |
| 3:36 | Scout Tower |
| 3:47 | Peasant |
| 3:57 | Peasant |
| 4:19 | Scroll of Regeneration |
| 4:19 | Lesser Clarity Potion |
| 4:20 | Lesser Clarity Potion |
| 4:21 | Scroll of Regeneration |
| 4:25 | Arcane Tower |
| 5:00 | Goblin Shredder |
| 5:11 | Farm |
| 5:16 | Keep |
| 5:18 | Lumber Mill |
| 5:20 | Footman |
| 5:30 | Lesser Clarity Potion |
| 5:35 | Footman |
| 5:43 | Footman |
| 5:50 | Defend |
| 5:54 | Scout Tower |
| 5:54 | Scout Tower |
| 5:56 | Scout Tower |
| 5:59 | Summon Water Elemental |
| 6:13 | Barracks |
| 6:15 | Scroll of Regeneration |
| 6:16 | Lesser Clarity Potion |
| 6:18 | Lesser Clarity Potion |
| 6:20 | Improved Lumber Harvesting |
| 6:21 | Improved Masonry |
| 6:32 | Farm |
| 6:38 | Arcane Tower |
| 6:38 | Guard Tower |
| 6:40 | Guard Tower |
| 7:42 | Castle |
| 7:57 | Town Hall |
| 8:00 | Scout Tower |
| 8:01 | Scout Tower |
| 8:02 | Scout Tower |
| 8:03 | Scout Tower |
| 8:04 | Scout Tower |
| 8:06 | Scout Tower |
| 8:14 | Farm |
| 8:21 | Arcane Sanctum |
| 8:22 | Arcane Sanctum |
| 8:24 | Blacksmith |
| 8:28 | Advanced Masonry |
| 8:33 | Arcane Tower |
| 8:34 | Guard Tower |
| 8:35 | Arcane Tower |
| 8:39 | Scroll of Regeneration |
| 8:40 | Potion of Healing |
| 8:40 | Potion of Healing |
| 8:42 | Storm Bolt |
| 9:13 | Scout Tower |
| 9:14 | Scout Tower |
| 9:19 | Guard Tower |
| 9:23 | Brilliance Aura |
| 9:30 | Farm |
| 10:03 | Thunder Clap |
| 10:13 | Animal War Training |
| 10:15 | Magic Sentry |
| 10:16 | Priest Adept Training |
| 10:28 | Circlet of Nobility |
| 10:38 | Farm |
| 11:05 | Imbued Masonry |
| 11:07 | Arcane Vault |
| 11:09 | Iron Forged Swords |
| 11:09 | Iron Plating |
| 11:11 | Scroll of Regeneration |
| 11:12 | Potion of Healing |
| 11:12 | Staff of Sanctuary |
| 11:14 | Holy Light |
| 11:33 | Potion of Lesser Invulnerability |
| 11:33 | Periapt of Vitality |
| 11:39 | Circlet of Nobility |
| 11:56 | Storm Bolt |
| 12:02 | Knight |
| 12:05 | Priest |
| 12:07 | Priest Master Training |
| 12:09 | Steel Forged Swords |
| 12:21 | Scout Tower |
| 12:23 | Scout Tower |
| 12:23 | Scout Tower |
| 12:31 | Blacksmith |
| 12:46 | Knight |
| 12:49 | Priest |
| 13:01 | Potion of Restoration |
| 13:10 | Farm |
| 13:13 | Black Gunpowder |
| 13:14 | Studded Leather Armor |
| 13:15 | Steel Plating |
| 13:32 | Guard Tower |
| 13:39 | Divine Shield |
| 14:00 | Town Hall |
| 14:08 | Scout Tower |
| 14:09 | Scout Tower |
| 14:09 | Scout Tower |
| 14:10 | Scout Tower |
| 14:12 | Scout Tower |
| 14:13 | Scout Tower |
| 14:14 | Scout Tower |
| 14:16 | Scout Tower |
| 14:17 | Scout Tower |
| 14:18 | Scout Tower |
| 14:19 | Scout Tower |
| 14:23 | Arcane Vault |
| 14:36 | Guard Tower |
| 14:37 | Scout Tower |
| 14:37 | Guard Tower |
| 14:47 | Scroll of Healing |
| 14:52 | Guard Tower |
| 14:53 | Arcane Tower |
| 14:53 | Arcane Tower |
| 14:53 | Guard Tower |
| 15:06 | Guard Tower |
| 15:08 | Scout Tower |
| 15:20 | Refined Gunpowder |
| 15:37 | Guard Tower |
| 15:38 | Scout Tower |
| 15:59 | Holy Light |
| 16:06 | Summon Water Elemental |
| 16:10 | Thunder Clap |
| 16:15 | Guard Tower |
| 16:16 | Scout Tower |
| 16:18 | Scout Tower |
| 16:42 | Goblin Shredder |
| 16:49 | Arcane Tower |
| 16:50 | Guard Tower |
| 17:15 | Scout Tower |
| 17:43 | Guard Tower |
| 17:52 | Town Hall |
| 18:31 | Workshop |
| 18:31 | Workshop |
| 18:34 | Workshop |
| 18:36 | Workshop |
| 18:49 | Divine Shield |
| 19:11 | Scout Tower |
| 19:12 | Scout Tower |
| 19:13 | Scout Tower |
| 19:14 | Scout Tower |
| 19:14 | Scout Tower |
| 19:17 | Scout Tower |
| 19:17 | Scout Tower |
| 19:18 | Scout Tower |
| 19:19 | Scout Tower |
| 19:20 | Scout Tower |
| 19:21 | Scout Tower |
| 19:22 | Scout Tower |
| 19:23 | Scout Tower |
| 19:25 | Scout Tower |
| 19:25 | Scout Tower |
| 19:49 | Cannon Tower |
| 20:00 | Workshop |
| 20:01 | Workshop |
| 20:03 | Imbued Gunpowder |
| 20:14 | Scroll of Regeneration |
| 20:15 | Scroll of Town Portal |
| 20:23 | Staff of Sanctuary |
| 20:29 | Cannon Tower |
| 20:30 | Cannon Tower |
| 20:33 | Storm Bolt |
| 21:11 | Peasant |
| 21:11 | Peasant |
| 21:15 | Scout Tower |
| 21:16 | Scout Tower |
| 21:30 | Arcane Tower |
| 21:31 | Guard Tower |
| 22:00 | Barrage |
| 22:01 | Flak Cannons |
| 22:04 | Arcane Tower |
| 22:05 | Cannon Tower |
| 22:16 | Peasant |
| 22:17 | Peasant |
| 22:17 | Peasant |
| 22:17 | Peasant |
| 22:26 | Tome of Retraining |
| 22:26 | Retrain Hero |
| 22:54 | Blizzard |
| 22:54 | Blizzard |
| 22:54 | Blizzard |
| 22:55 | Brilliance Aura |
| 22:55 | Brilliance Aura |
| 23:08 | Medallion of Courage |
| 23:16 | Mithril Plating |
| 23:17 | Mithril Forged Swords |
| 23:17 | Reinforced Leather Armor |
| 23:19 | Workshop |
| 23:41 | Workshop |
| 23:59 | Peasant |
| 25:34 | Siege Engine |
| 25:41 | Scroll of Regeneration |
| 25:45 | Scroll of Town Portal |
| 25:58 | Scroll of Town Portal |
| 26:01 | Priest |
| 26:04 | Dragonhide Armor |
| 27:09 | Peasant |
| 27:09 | Peasant |
| 27:09 | Peasant |
| 27:09 | Peasant |
| 27:10 | Peasant |
| 27:21 | Flying Machine |
| 27:35 | Scroll of Town Portal |
| 27:48 | Peasant |
| 27:48 | Peasant |
| 27:48 | Peasant |
| 27:48 | Peasant |
| 27:48 | Peasant |
| 28:34 | Flying Machine |
| 29:10 | Flying Machine |
| 29:39 | Holy Light |
| 30:25 | Peasant |
| 30:25 | Peasant |
| 30:25 | Peasant |
| 30:25 | Peasant |
| 30:27 | Scout Tower |
| 30:27 | Scout Tower |
| 30:27 | Scout Tower |
| 30:28 | Scout Tower |
| 30:28 | Scout Tower |
| 30:39 | Scroll of Regeneration |
| 30:40 | Scroll of Town Portal |
| 30:42 | Potion of Mana |
| 31:03 | Cannon Tower |
| 31:04 | Arcane Tower |
| 31:06 | Arcane Tower |
| 31:07 | Scout Tower |
| 31:07 | Scout Tower |
| 31:07 | Scout Tower |
| 31:08 | Scout Tower |
| 31:08 | Scout Tower |
| 31:30 | Gryphon Aviary |
| 31:31 | Gryphon Aviary |
| 31:32 | Gryphon Aviary |
| 31:32 | Gryphon Aviary |
| 31:59 | Cannon Tower |
| 32:00 | Scout Tower |
| 32:00 | Scout Tower |
| 32:01 | Scout Tower |
| 32:02 | Scout Tower |
| 32:02 | Scout Tower |
| 32:38 | Scroll of Regeneration |
| 32:38 | Lesser Clarity Potion |
| 32:41 | Scroll of Town Portal |
| 32:41 | Potion of Healing |
| 32:45 | Town Hall |
| 32:46 | Arcane Vault |
| 33:00 | Medallion of Courage |
| 33:02 | Potion of Greater Healing |
| 33:43 | Town Hall |
| 33:46 | Scout Tower |
| 33:46 | Scout Tower |
| 33:46 | Scout Tower |
| 33:47 | Scout Tower |
| 33:49 | Scout Tower |
| 33:50 | Scout Tower |
| 33:57 | Guard Tower |
| 34:10 | Lesser Clarity Potion |
| 34:10 | Potion of Mana |
| 34:18 | Lesser Clarity Potion |
| 34:23 | Peasant |
| 34:23 | Peasant |
| 34:23 | Peasant |
| 34:24 | Peasant |
| 34:24 | Peasant |
| 34:45 | Peasant |
| 34:47 | Arcane Tower |
| 34:59 | Periapt of Vitality |
| 35:39 | Storm Hammers |
| 35:40 | Gryphon Rider |
| 36:03 | Peasant |
| 36:03 | Peasant |
| 36:03 | Peasant |
| 36:03 | Peasant |
| 36:03 | Peasant |
| 36:26 | Scout Tower |
| 36:32 | Gryphon Rider |
| 36:32 | Gryphon Rider |
| 36:32 | Gryphon Rider |
| 36:33 | Gryphon Rider |
| 36:46 | Arcane Tower |
| 36:46 | Arcane Tower |
| 36:47 | Cannon Tower |
| 36:47 | Arcane Tower |
| 37:07 | Arcane Tower |
| 37:08 | Farm |
| 37:08 | Farm |
| 37:16 | Peasant |
| 37:52 | Peasant |
| 37:52 | Peasant |
| 37:53 | Peasant |
| 37:53 | Peasant |
| 37:54 | Peasant |
| 38:39 | Gryphon Rider |
| 38:41 | Peasant |
| 38:41 | Peasant |
| 38:41 | Peasant |
| 38:41 | Peasant |
| 38:42 | Peasant |
| 38:44 | Scroll of Town Portal |
| 38:53 | Flying Machine |
| 38:54 | Flying Machine |
| 39:27 | Flying Machine |
| 40:45 | Flying Machine |
| 41:17 | Mass Teleport |
| 41:35 | Avatar |
| 41:37 | Peasant |
| 41:38 | Peasant |
| 41:38 | Peasant |
| 41:38 | Peasant |
| 41:49 | Scroll of Regeneration |
| 41:51 | Scroll of Town Portal |
| 41:53 | Scroll of Regeneration |
| 42:10 | Peasant |
| 42:10 | Peasant |
| 42:10 | Peasant |
| 42:10 | Peasant |
| 42:10 | Peasant |
| 45:04 | Gryphon Rider |
| 45:07 | Gryphon Rider |
| 45:38 | Farm |
| 45:56 | Farm |
| 46:50 | Farm |
| 47:10 | Goblin Shredder |
| 47:27 | Peasant |
| 47:28 | Peasant |
| 47:28 | Peasant |
| 47:28 | Peasant |
| 47:28 | Peasant |
| 47:51 | Divine Shield |
| 50:12 | Lesser Clarity Potion |
| 50:33 | Medallion of Courage |
| Select group | 5686 |
| Right click | 2739 |
| Select | 911 |
| Misc. action | 775 |
| Build/train/purchase | 440 |
| Use ability | 235 |
| Assign group | 80 |
| Item give/drop | 28 |
| Esc | 8 |
| Minimap ping | 2 |
49 units @ 5.6k
/ 0.6k
18 buildings @ 2.6k
/ 1.1k



| Scroll of Regeneration | 5 | 500 |
| Lesser Clarity Potion | 4 | 280 |
| Potion of Healing | 5 | 750 |
| Potion of Mana | 1 | 200 |
| total: | 15 | 1730g |
| Peasant | 35 | 2625 | / | 0 |
| Footman | 6 | 810 | / | 0 |
| Gryphon Rider | 2 | 560 | / | 140 |
| Spell Breaker | 1 | 215 | / | 30 |
| Goblin Shredder | 2 | 750 | / | 200 |
| Goblin Zeppelin | 1 | 240 | / | 60 |
| Goblin Sapper | 2 | 430 | / | 200 |
| total: | 49 | 5630g | / | 630w |
| Altar of Kings | 1 | 180 | / | 50 |
| Barracks | 2 | 320 | / | 120 |
| Farm | 8 | 640 | / | 160 |
| Arcane Vault | 1 | 130 | / | 30 |
| Town Hall | 2 | 770 | / | 410 |
| Blacksmith | 1 | 140 | / | 60 |
| Lumber Mill | 1 | 120 | / | 0 |
| Arcane Sanctum | 1 | 150 | / | 140 |
| Gryphon Aviary | 1 | 140 | / | 150 |
| Keep | 1 | 320 | / | 210 |
| Castle | 1 | 360 | / | 210 |
| total: | 18 | 2590g | / | 1120w |
| 0:03 | Peasant |
| 0:03 | Peasant |
| 0:09 | Altar of Kings |
| 0:20 | Barracks |
| 0:25 | Peasant |
| 0:35 | Farm |
| 0:45 | Peasant |
| 0:49 | Farm |
| 0:53 | Peasant |
| 1:16 | Peasant |
| 1:21 | Footman |
| 1:38 | Footman |
| 1:40 | Farm |
| 1:45 | Peasant |
| 2:00 | Footman |
| 2:05 | Peasant |
| 2:14 | Farm |
| 2:26 | Footman |
| 2:42 | Peasant |
| 2:45 | Summon Water Elemental |
| 2:46 | Footman |
| 3:05 | Footman |
| 3:07 | Peasant |
| 3:28 | Brilliance Aura |
| 3:36 | Keep |
| 3:50 | Arcane Vault |
| 4:20 | Defend |
| 4:24 | Town Hall |
| 4:47 | Summon Water Elemental |
| 5:01 | Blacksmith |
| 5:07 | Scroll of Regeneration |
| 5:38 | Goblin Shredder |
| 6:14 | Lumber Mill |
| 6:46 | Castle |
| 6:49 | Barracks |
| 7:00 | Scroll of Regeneration |
| 7:00 | Scroll of Regeneration |
| 7:03 | Arcane Sanctum |
| 7:08 | Farm |
| 7:30 | Goblin Zeppelin |
| 7:40 | Farm |
| 7:52 | Farm |
| 7:59 | Long Rifles |
| 8:01 | Farm |
| 8:09 | Goblin Sapper |
| 8:17 | Priest Adept Training |
| 8:37 | Brilliance Aura |
| 8:42 | Thunder Clap |
| 9:11 | Town Hall |
| 9:15 | Peasant |
| 9:16 | Peasant |
| 9:16 | Peasant |
| 9:25 | Goblin Shredder |
| 9:50 | Peasant |
| 9:58 | Peasant |
| 10:09 | Lesser Clarity Potion |
| 10:23 | Peasant |
| 11:10 | Peasant |
| 11:11 | Peasant |
| 11:28 | Peasant |
| 11:31 | Peasant |
| 11:54 | Goblin Sapper |
| 12:06 | Peasant |
| 12:20 | Gryphon Aviary |
| 12:44 | Storm Bolt |
| 13:18 | Potion of Healing |
| 13:18 | Potion of Healing |
| 13:41 | Peasant |
| 14:09 | Gryphon Rider |
| 14:31 | Potion of Mana |
| 14:35 | Potion of Healing |
| 14:37 | Peasant |
| 14:37 | Peasant |
| 14:47 | Lesser Clarity Potion |
| 14:47 | Lesser Clarity Potion |
| 14:58 | Gryphon Rider |
| 15:02 | Peasant |
| 15:39 | Potion of Healing |
| 16:09 | Scroll of Regeneration |
| 16:33 | Peasant |
| 16:33 | Peasant |
| 16:36 | Peasant |
| 16:36 | Peasant |
| 16:36 | Peasant |
| 17:07 | Peasant |
| 18:49 | Summon Water Elemental |
| 18:55 | Potion of Healing |
| 19:09 | Peasant |
| 19:11 | Scroll of Regeneration |
| 19:15 | Lesser Clarity Potion |
| 19:23 | Spell Breaker |
| 19:34 | Peasant |
| 19:47 | Peasant |
| 20:30 | Peasant |
| 20:36 | Holy Light |
| Right click | 678 |
| Select | 440 |
| Select group | 305 |
| Build/train/purchase | 155 |
| Misc. action | 151 |
| Assign group | 34 |
| Use ability | 30 |
| Item give/drop | 5 |
| Remove unit | 1 |
⇛